 Dungeon Crawl Stone Soup version 0.30.0-10-gfe55d96785 (webtiles) character file.

Game seed: 13958415268269511059

163 qw the Chopper (level 5, -2/32 HPs)
             Began as a Gargoyle Cinder Acolyte on May 17, 2023.
             Was a High Priest of Ignis.
             Killed from afar by Ijyb (8 damage)
             ... with a bolt of acid
             ... on level 4 of the Dungeon.
             The game lasted 00:01:36 (2755 turns).

qw the Chopper (Gargoyle Cinder Acolyte)            Turns: 2755, Time: 00:01:36

Health: -2/32      AC: 19    Str: 20    XL:     5   Next: 44%
Magic:  6/6        EV:  5    Int: 14    God:    Ignis [*****.]
Gold:   93         SH:  3    Dex: 11    Spells: 6/6 levels left

rFire   + + .        Y - +0 hand axe (flame)
rCold   . . .        m - +0 buckler
rNeg    + . .        h - +0 plate armour
rPois   inf          l - +2 helmet
rElec   +            (no cloak)
rCorr   .            a - +0 pair of gloves
SInv    .            (no boots)
Will    .....        (no amulet) Stlth
                     i - +6 ring of dexterity
HPRegen 0.25/turn    n - ring of protection from fire
MPRegen 0.10/turn

%: no passive effects
@: about to teleport
A: sickness immunity, AC +4, negative energy resistance 1, electricity
resistance, torment resistance 1, petrification resistance
a: Renounce Religion, Fiery Armour, Foxfire Swarm, Rising Flame


You were on level 4 of the Dungeon.
You worshipped Ignis.
Ignis was extremely pleased with you.
You visited 1 branch of the dungeon, and saw 4 of its levels.

You collected 280 gold pieces.
You spent 187 gold pieces at shops.


Innate Abilities, Weirdness & Mutations

You are immune to sickness and miasma.
Your stone body is resilient. (AC +4)
You are immune to poison.
You resist negative energy. (rN+)
You are resistant to electric shocks. (rElec)
You are resistant to unholy torment.
You are immune to petrification.


   Skills:
 - Level 3.2 Fighting
 - Level 4.5 Axes
 - Level 3.0 Armour
 + Level 1.1 Shields
 - Level 1.0 Spellcasting
 - Level 3.0 Fire Magic


You had 6 spell levels left.
You didn't know any spells.
Your spell library contained the following spells:

 Spells                   Type           Power      Damage    Failure   Level
 Scorch                   Fire           18%        2d5       99%         2

Inventory:

Hand Weapons
 Y - a +0 hand axe of flaming (weapon)
Armour
 a - a +0 pair of gloves (worn)
 h - a +0 plate armour (worn)
 l - a +2 helmet (worn)
 m - a +0 buckler (worn)
Jewellery
 b - the amulet of Elemental Vulnerability {rPois rF-- rC-- AC+8}
   (You found it on level 4 of the Dungeon)

   [amulet of nothing]

   AC:        It affects your AC (+8).
   rF:        It makes you very vulnerable to fire.
   rC:        It makes you very vulnerable to cold.
   rPois:     It protects you from poison.
 i - a +6 ring of dexterity (left hand)
 n - a ring of protection from fire (right hand)
Scrolls
 c - 2 scrolls of teleportation
 d - a scroll of identify
Potions
 e - a potion of curing
 f - a potion of heal wounds
 j - 2 potions of mutation
 k - a potion of attraction {unknown}
 p - a potion of brilliance {unknown}

Dungeon Overview and Level Annotations

Branches:
Dungeon (4/15)
 Temple: D:4-7

Altars:

Shops:
D:2 [?[   D:3 [

Annotations:
D:3 2 runed translucent doors, qw's ghost, amateur GrCA
D:4 Ijyb


Message History

Ijyb the Twisted Goblin comes into view.
She is wielding a +0 club, wearing a +3 leather armour of willpower and carrying a wand of acid (9).
Ijyb shouts!
Ijyb zaps a wand.
The bolt of acid hits you but does no damage.
You closely miss Ijyb. Ijyb hits you but does no damage.
You barely miss Ijyb. You block Ijyb's attack.
Ijyb zaps a wand.
The bolt of acid misses you.
You hit Ijyb but do no damage. Ijyb hits you but does no damage.
You hit Ijyb. You burn Ijyb.
Ijyb is moderately wounded.
Ijyb hits you but does no damage.
You closely miss Ijyb.
Ijyb is moderately wounded.
Ijyb hits you but does no damage.
You barely miss Ijyb.
Ijyb is moderately wounded.
You block Ijyb's attack.
You closely miss Ijyb.
Ijyb is moderately wounded.
Ijyb barely misses you.
You hit Ijyb but do no damage.
Ijyb is moderately wounded.
Ijyb barely misses you.
You hit Ijyb but do no damage.
Ijyb is moderately wounded.
Ijyb barely misses you.
You closely miss Ijyb.
Ijyb is moderately wounded.
Ijyb hits you but does no damage.
Ijyb zaps a wand.
The bolt of acid hits you.
You barely miss Ijyb.
Ijyb is moderately wounded.
Ijyb zaps a wand.
The bolt of acid hits you!!
Ouch! That really hurt!
2755 ||| READING 3 scrolls of teleportation.
As you read the scroll of teleportation, it crumbles to dust.
You feel strangely unstable.
Ijyb zaps a wand.
The bolt of acid hits you!
You die...

#........# #...
#........##....
#..............
#..............
#..........##..
##...<.....#....
######..........#....
##...#............)...
#...g@.....###:.#.#...
#............#..##.##..
#............#.###.# #.
#..................# .
##..............#### .
##.............#
####..........#
#..........#
#...........


You could see Ijyb.

Vanquished Creatures
  3 gnolls (D:2)
  5 adders
  3 worms
  2 dart slugs
  2 orcs
  8 bats
  7 endoplasms
  2 giant cockroaches
  4 goblins
  3 hobgoblins
  10 jackals
  4 quokkas
  2 ball pythons
  4 frilled lizards
  8 kobolds
  9 rats
76 creatures vanquished.

Notes
Turn   | Place    | Note
-------+----------+-------------------------------------------
     0 | D:1      | qw the Gargoyle Cinder Acolyte began the quest for the Orb.
     0 | D:1      | Reached XP level 1. HP: 14/14 MP: 2/2
     0 | D:1      | 0 ||| qw: Version: 0.2-a-95-g206ef33
     0 | D:1      | 0 ||| qw: Game counter: 183
     0 | D:1      | 0 ||| qw: Always use a shield: true
     0 | D:1      | 0 ||| qw: God list: Okawaru
     0 | D:1      | 0 ||| qw: Allow faded altars: false
     0 | D:1      | 0 ||| qw: Do Orc after D:15 true
     0 | D:1      | 0 ||| qw: Do second Lair branch before Depths: true
     0 | D:1      | 0 ||| qw: Lair rune preference: random
     0 | D:1      | 0 ||| qw: Plans: Normal
     0 | D:1      | 0 ||| PLANNING D:1-11
    77 | D:1      | 77 ||| Stepping ~*~*~tactically~*~*~ (stealth).
    79 | D:1      | 79 ||| Stepping ~*~*~tactically~*~*~ (stealth).
    84 | D:1      | Reached skill level 3 in Axes
    95 | D:1      | Reached XP level 2. HP: 13/19 MP: 3/3
   448 | D:1      | 448 ||| Stepping ~*~*~tactically~*~*~ (stealth).
   454 | D:1      | Reached XP level 3. HP: 21/23 MP: 4/4
   603 | D:1      | 603 ||| UPGRADING to +0 ring mail.
   613 | D:1      | 613 ||| DROPPING +0 robe.
   614 | D:1      | 614 ||| UPGRADING to +0 plate armour.
   624 | D:1      | 624 ||| DROPPING +0 ring mail.
   625 | D:1      | 625 ||| UPGRADING to +6 ring of dexterity.
   626 | D:1      | 626 ||| READING 2 scrolls labelled QUOGIREURU.
   627 | D:1      | 627 ||| READING 3 scrolls labelled GERISHR ZOFOSS.
   628 | D:1      | 628 ||| READING 2 scrolls of identify.
   628 | D:1      | 628 ||| IDENTIFYING black potion
   629 | D:1      | 629 ||| DROPPING scroll of fear.
   646 | D:2      | 646 ||| STAIRDANCE
   649 | D:1      | 649 ||| INVOKING Fiery Armour.
   732 | D:2      | Found Rudur's Armour Shop.
   746 | D:2      | 746 ||| BUYING +0 pair of gloves (49 gold).
   746 | D:2      | Bought a +0 pair of gloves for 49 gold pieces
   750 | D:2      | 750 ||| Stepping ~*~*~tactically~*~*~ (stealth).
   753 | D:2      | 753 ||| Stepping ~*~*~tactically~*~*~ (stealth).
   802 | D:2      | Reached skill level 1 in Armour
  1084 | D:2      | 1084 ||| INVOKING Fiery Armour.
  1088 | D:2      | Reached XP level 4. HP: 24/28 MP: 5/5
  1097 | D:2      | 1097 ||| Stepping ~*~*~tactically~*~*~ (stealth).
  1099 | D:2      | 1099 ||| Stepping ~*~*~tactically~*~*~ (stealth).
  1113 | D:2      | Reached skill level 4 in Axes
  1229 | D:2      | Found Ylixil's Magic Scroll Shop.
  1236 | D:2      | 1236 ||| SHOPLISTING scroll of acquirement (624 gold, have
                  | 86).
  1236 | D:2      | 1236 ||| SHOPLISTING scroll of enchant armour (90 gold,
                  | have 86).
  1236 | D:2      | 1236 ||| SHOPLISTING scroll of enchant weapon (90 gold,
                  | have 86).
  1236 | D:2      | 1236 ||| BUYING scroll of identify (24 gold).
  1236 | D:2      | Bought a scroll of identify for 24 gold pieces
  1236 | D:2      | 1236 ||| BUYING scroll of identify (24 gold).
  1236 | D:2      | Bought a scroll of identify for 24 gold pieces
  1236 | D:2      | 1236 ||| BUYING scroll of teleportation (36 gold).
  1236 | D:2      | Bought a scroll of teleportation for 36 gold pieces
  1297 | D:2      | Found Vahorod's Antique Armour Shop.
  1306 | D:2      | 1306 ||| SHOPLISTING glowing scarf (152 gold, have 2).
  1386 | D:2      | 1386 ||| UPGRADING to +0 pair of gloves.
  1391 | D:2      | 1391 ||| UPGRADING to +2 helmet.
  1396 | D:2      | 1396 ||| UPGRADING to ring of protection from fire.
  1397 | D:2      | 1397 ||| READING scroll labelled AXZEUCZ SEUSCH.
  1398 | D:2      | 1398 ||| READING scroll labelled TAWIRA NIPUOL.
  1499 | D:2      | 1499 ||| READING scroll labelled ILEDYGR JURY.
  1500 | D:2      | 1500 ||| READING 3 scrolls of identify.
  1500 | D:2      | 1500 ||| IDENTIFYING orange potion
  1501 | D:2      | 1501 ||| READING 2 scrolls of identify.
  1501 | D:2      | 1501 ||| IDENTIFYING fizzy silvery potion
  1502 | D:2      | 1502 ||| DROPPING potion of flight.
  1520 | D:3      | 1520 ||| Stepping ~*~*~tactically~*~*~ (hiding).
  1593 | D:3      | Reached XP level 5. HP: 32/32 MP: 6/6
  1596 | D:3      | Reached skill level 3 in Armour
  1600 | D:3      | 1600 ||| Stepping ~*~*~tactically~*~*~ (stealth).
  1946 | D:3      | Found a large runed translucent door.
  1948 | D:3      | Found a large runed translucent door.
  1950 | D:3      | Noticed qw's ghost (amateur GrCA)
  1992 | D:3      | 1992 ||| Stepping ~*~*~tactically~*~*~ (hiding).
  1993 | D:3      | 1993 ||| Stepping ~*~*~tactically~*~*~ (hiding).
  1994 | D:3      | 1994 ||| Stepping ~*~*~tactically~*~*~ (hiding).
  2103 | D:3      | Found Naigiofa's Armour Emporium.
  2111 | D:3      | 2111 ||| BUYING +0 buckler (54 gold).
  2111 | D:3      | Bought a +0 buckler for 54 gold pieces
  2612 | D:3      | 2612 ||| UPGRADING to +0 buckler.
  2617 | D:3      | 2617 ||| DROPPING amulet of magic regeneration.
  2618 | D:3      | 2618 ||| READING scroll labelled UBOL WASURYRYNO.
  2619 | D:3      | 2619 ||| READING scroll labelled XUDICH RAENET.
  2620 | D:3      | 2620 ||| READING 2 scrolls of identify.
  2620 | D:3      | 2620 ||| IDENTIFYING fizzy coppery potion
  2655 | D:4      | Found the amulet of Elemental Vulnerability {rPois rF--
                  | rC-- AC+8}
  2700 | D:4      | 2700 ||| Stepping ~*~*~tactically~*~*~ (stealth).
  2702 | D:4      | 2702 ||| Stepping ~*~*~tactically~*~*~ (stealth).
  2704 | D:4      | 2704 ||| Stepping ~*~*~tactically~*~*~ (stealth).
  2733 | D:4      | Reached skill level 1 in Shields
  2740 | D:4      | Noticed Ijyb
  2754 | D:4      | HP: 6/32 [Ijyb/bolt of acid (23)]
  2755 | D:4      | 2755 ||| READING 3 scrolls of teleportation.
  2755 | D:4      | Killed from afar by Ijyb

Levels and vault maps discovered:
D:1:      minmay_arrival_plants_in_alcoves, layout_rooms
D:2:      layout_loops_ring, serial_shops, nicolae_shop_peninsula, shop,
          nicolae_shop_advertising_works [nicolae_subvault_shop_adworks],
          chequers_serial_rivers_micro_a, patterned_corridor
D:3:      layout_loops_corners, ebering_ghost_disaster_area, serial_glass,
          glass_columns_a, glass_columns_b, glass_columns_a, glass_columns_a,
          glass_columns_c, glass_columns_a, serial_shops, shop,
          minmay_diced_spiral
D:4:      layout_rooms, fedhas_altar_3, minmay_temple_entry_junction,
          uniq_crazy_yiuf_cottage, uniq_ijyb

Skill      XL: |  1  2  3  4  5 |
---------------+----------------+-----
Axes           | 3 4 |  4.5
Armour         | 2 3 |  3.0
Shields        | 1 |  1.1
Fighting       | |  3.2
Spellcasting   | |  1.0
Fire Magic     | |  3.0

Action                     |  1- 3 |  4- 6 || total
---------------------------+-------+-------++-------
  Melee: Hand axe          |   156 |    94 ||   250
         Punch             |     2 |     2 ||     4
 Invoke: Fiery Armour      |     2 |       ||     2
    Use: Scroll            |     3 |     9 ||    12
 Armour: Robe              |    35 |       ||    35
         Plate armour      |    42 |    53 ||    95
  Dodge: Dodged            |    87 |    18 ||   105
  Block: Buckler           |       |     4 ||     4

Table legend:
 A = Non-vault XP
 B = Vault XP
 C = Vault XP percentage of total XP
 D = Non-vault monster count
 E = Vault monster count
 F = Vault count percentage of total count
                 A         B        C        D         E       F
            +---------+---------+-------+---------+---------+-------
      Total |     214 |      20 |   8.5 |      71 |       5 |   6.6
            +---------+---------+-------+---------+---------+-------
        D:1 |      42 |       0 |   0.0 |      27 |       0 |   0.0
        D:2 |     112 |       0 |   0.0 |      27 |       0 |   0.0
        D:3 |      34 |      20 |  37.0 |      12 |       5 |  29.4
        D:4 |      26 |       0 |   0.0 |       5 |       0 |   0.0
            +---------+---------+-------+---------+---------+-------
